 Dungeon Crawl Stone Soup version 0.29-a0-459-g97dee8cd24 (webtiles) character file.

Game seed: 14091147814237200653

104478 dolemite99 the Carver (level 16, -3/132 HPs)
             Began as a Barachi Hunter on May 21, 2022.
             Was a High Priest of Wu Jian.
             Constricted to death by a naga warrior (4 damage)
             ... on level 1 of the Snake Pit.
             The game lasted 01:06:08 (30976 turns).

dolemite99 the Carver (Barachi Hunter)             Turns: 30976, Time: 01:06:09

Health: -3/132     AC: 13    Str: 15    XL:     16   Next: 38%
Magic:  19/20      EV: 21    Int: 11    God:    Wu Jian [*****.]
Gold:   1561       SH:  7    Dex: 28    Spells: 2/21 levels left

rFire   + + .      SeeInvis .   b - +2 scimitar (freeze)
rCold   + . .      Faith    .   x - +0 buckler {rC+ rF+}
rNeg    . . .      Spirit   .   A - +0 leather armour of Makhleb's Hope {rPois rF+ Str+2}
rPois   +          Reflect  .   h - +2 hat {Stlth+}
rElec   .          Harm     .   I - +2 cloak
rCorr   .          Rampage  .   u - +2 pair of gloves
Will    ++...                   T - +1 pair of boots
Stlth   +++++.....              m - amulet of regeneration
HPRegen 1.12/turn               v - +6 ring of dexterity
MPRegen 0.17/turn               p - ring of willpower

@: constricted, studying Long Blades, slow
A: amphibious, slowness 1, strong legs 2, +LOS
a: Hop, Renounce Religion, Wall Jump, Serpent's Lash, Heavenly Storm


You were on level 1 of the Snake Pit.
You worshipped Wu Jian.
Wu Jian was extremely pleased with you.
You visited 4 branches of the dungeon, and saw 24 of its levels.

You collected 2157 gold pieces.
You spent 596 gold pieces at shops.

Inventory:

Hand Weapons
 a - a +4 vorpal hand crossbow
 b - a +2 scimitar of freezing (weapon)
 i - the +5 quick blade of Red Wine {spect, rElec rF+ rC+}
   (You bought it in a shop on level 2 of the Orcish Mines)

   When its wielder attacks, the weapon's spirit leaps out and strikes again.
   The spirit shares a part of any damage it takes with its wielder.
   rF:        It protects you from fire.
   rC:        It protects you from cold.
   rElec:     It insulates you from electricity.
 j - a +0 scimitar of holy wrath
Missiles
 z - 46 poisoned darts
 H - 3 curare-tipped darts
Armour
 h - a +2 hat of stealth (worn)
 u - a +2 pair of gloves (worn)
 x - a +0 buckler of resistance (worn)
 A - the +0 leather armour of Makhleb's Hope (worn) {rPois rF+ Str+2}
   (You found it on level 4 of the Dungeon)

   Str:       It affects your strength (+2).
   rF:        It protects you from fire.
   rPois:     It protects you from poison.
 I - a +2 cloak (worn)
 T - a +1 pair of boots (worn)
 X - a +4 scale mail of positive energy
Magical Staves
 s - a staff of poison
 Y - a staff of air
Jewellery
 d - a ring of see invisible
 g - a ring of flight
 l - a ring of wizardry
 m - an amulet of regeneration (around neck)
 n - a ring of fire
 o - a +4 ring of evasion
 p - a ring of willpower (right hand)
 t - a ring of willpower
 v - a +6 ring of dexterity (left hand)
Wands
 e - a wand of iceblast (6)
 J - a wand of digging (12)
Scrolls
 c - 3 scrolls of immolation
 q - a scroll of blinking
 r - 5 scrolls of teleportation
 E - a scroll of fog
 G - a scroll of vulnerability
 Q - 2 scrolls of brand weapon
 V - 3 scrolls of poison
 Z - 3 scrolls of identify {@r1}
Potions
 f - 10 potions of curing
 k - 7 potions of attraction
 w - 9 potions of degeneration
 y - a potion of cancellation
 B - a potion of berserk rage
 C - 5 potions of mutation
 D - 3 potions of flight
 F - 2 potions of haste
 K - 2 potions of lignification
 S - a potion of ambrosia
 W - a potion of brilliance
Miscellaneous
 O - a condenser vane (inert)
 R - a tin of tremorstones (1/2)


   Skills:
 - Level 13.8 Fighting
 - Level 9.3(12.6) Short Blades
 - Level 14.8(16.0) Long Blades
 - Level 10.3 Crossbows
 - Level 12.7 Dodging
 - Level 8.4 Stealth
 - Level 4.0 Shields
 - Level 3.0 Spellcasting
 - Level 9.5 Summonings
 + Level 7.4 Ice Magic
 - Level 11.5 Evocations


You had 2 spell levels left.
You knew the following spells:

 Your Spells              Type           Power      Damage    Failure   Level
a - Summon Ice Beast      Ice/Summ       20%        N/A       13%         4
b - Tukima's Dance        Hex            1%         N/A       77%         3
c - Blink                 Tloc           2%         N/A       54%         2
d - Summon Mana Viper     Hex/Summ       12%        N/A       86%         5
e - Summon Forest         Summ/Tloc      6%         N/A       86%         5

Your spell library contained the following spells:

 Spells                   Type           Power      Damage    Failure   Level
 Ensorcelled Hibernation  Hex/Ice        18%        N/A       14%         2
 Magic Dart               Conj           4%         1d3       38%         1
 Passwall                 Tmut/Erth      0%         N/A       54%         2
 Sublimation of Blood     Necr           1%         N/A       54%         2
 Call Canine Familiar     Summ           22%        N/A       2%          3
 Confusing Touch          Hex            1%         N/A       77%         3
 Dazzling Flash           Conj/Hex       2%         N/A       77%         3
 Portal Projectile        Hex/Tloc       2%         N/A       77%         3
 Swiftness                Air            1%         N/A       77%         3
 Summon Cactus Giant      Summ           11%        N/A       78%         6
 Anguish                  Hex/Necr       0%         N/A       99%         4
 Iskenderun's Mystic Bla  Conj/Tloc      1%         2d3       99%         4
 Leda's Liquefaction      Hex/Erth       0%         N/A       99%         4
 Passage of Golubria      Tloc           1%         N/A       99%         4
 Petrify                  Tmut/Erth      1%         N/A       99%         4
 Alistair's Intoxication  Tmut/Pois      0%         N/A       100%        5
 Borgnjor's Vile Clutch   Necr/Erth      0%         N/A       100%        5
 Irradiate                Conj/Tmut      0%         3d13      100%        5
 Lee's Rapid Deconstruct  Erth           0%         3d5*      100%        5
 Manifold Assault         Tloc           1%         N/A       100%        5
 Yara's Violent Unravell  Hex/Tmut       0%         3d3       100%        5
 Eringya's Noxious Bog    Tmut/Pois      0%         N/A       100%        6
 Starburst                Conj/Fire      0%         6d3       100%        6
 Statue Form              Tmut/Erth      0%         N/A       100%        6
 Enfeeble                 Hex            0%         N/A       100%        7
 Monstrous Menagerie      Summ           11%        N/A       100%        7
 Storm Form               Tmut/Air       0%         N/A       100%        7
 Chain Lightning          Conj/Air       0%         2d1       100%        9


Dungeon Overview and Level Annotations

Branches:
Dungeon (15/15)            Temple (0/1) D:6            Lair (6/6) D:8
 Shoals (0/4) Lair:4        Snake (1/4) Lair:3        Slime (0/5) Lair:5
    Orc (2/2) D:12            Elf (0/3) Orc:2        Vaults (0/5) D:14
 Depths (0/4) D:15

Altars:
Dithmenos
Gozag
Trog
Wu Jian
Xom
Zin
Beogh
Jiyva

Shops:
D:2 ([   D:15 [   Orc:2 ((:(*

Annotations:
D:4 2 runed translucent doors, Starlo's ghost, amateur DsNe
D:7 exclusion: downstairs
Lair:1 3 runed translucent doors, Rozof's ghost, journeyman GnCA
Lair:5 1 runed translucent door
Snake:1 1 runed translucent door
Orc:2 5 runed translucent doors, exclusion: 4 orange crystal statues, a11behringer's ghost, journeyman PaBe


Innate Abilities, Weirdness & Mutations

You are amphibious.
You cover ground slowly.
You can hop long distances.
You have an extended range of vision and can be seen from far away.


Message History

You feel much better.
The naga warrior hits your ice beast with a +2 dire flail of protection!
The naga warrior grabs your ice beast.
The naga warrior constricts your ice beast.
Your ice beast hits the naga warrior but does no damage.
Your +2 scimitar of freezing stops glowing.
a - a +4 vorpal hand crossbow (weapon)
The naga warrior hits your ice beast with a +2 dire flail of protection!!
Your ice beast dies!
Your ice beast disappears in a puff of smoke!
Shoot: a) +4 hand crossbow (vorpal)
Press: ? - help, Shift-Dir - straight line, f - naga warrior
Aim: a naga warrior, wielding a +2 dire flail of protection (heavily wounded, 77% to hit)
You shoot a bolt.
The bolt hits the naga warrior but does no damage.
The naga warrior is heavily wounded.
Shoot: a) +4 hand crossbow (vorpal)
Press: ? - help, Shift-Dir - straight line, f/p - naga warrior
Aim: a naga warrior, wielding a +2 dire flail of protection (heavily wounded, 77% to hit)
You shoot a bolt.
The bolt closely misses the naga warrior.
Shoot: a) +4 hand crossbow (vorpal)
Press: ? - help, Shift-Dir - straight line, f/p - naga warrior
Aim: a naga warrior, wielding a +2 dire flail of protection (heavily wounded, 77% to hit)
You shoot a bolt. The bolt hits the naga warrior.
The naga warrior is heavily wounded.
The naga warrior hits you with a +2 dire flail of protection!
The naga warrior grabs you. The naga warrior constricts you.
The naga warrior hits you with a +2 dire flail of protection!!
* * * LOW HITPOINT WARNING * * *
The naga warrior constricts you.
* * * LOW HITPOINT WARNING * * *
Your +2 scimitar of freezing glows with a cold blue light!
b - a +2 scimitar of freezing (weapon)
You hit the naga warrior but do no damage.
The naga warrior is heavily wounded.
The naga warrior hits you with a +2 dire flail of protection!
* * * LOW HITPOINT WARNING * * *
The naga warrior constricts you.
You die...

....# #....#
..#...# #....#
....>.# ##...##
#.....# #))..#
#......# #....#
#.........
#####...#
..#......##...#)###
..........#..####
.....#..N@#....#
........##......#
....#... #......#
#. ###...#...###
##.......#
##......# #........
#..##....# .+..
#...#


You could see a naga warrior.

Vanquished Creatures
  Gastronok (D:12)
  Snorg (Lair:6)
  2 fire dragons
  9 hydras
  A vault guard (D:14)
  3 boulder beetles
  2 anacondas (Snake:1)
  6 centaur warriors
  6 two-headed ogres
  A naga warrior (Snake:1)
  3 death yaks
  5 orc high priests
  A shock serpent (Snake:1)
  Nergalle (D:12)
  Urug (D:10)
  2 shock serpents (shapeshifter)
  A fire crab (Lair:6)
  A deep elf knight (D:12)
  A sea snake (shapeshifter) (D:15)
  A deep troll (D:15)
  A naga ritualist (Snake:1)
  A lindwurm (Lair:5)
  9 orc knights
  A wizard (D:13)
  2 necromancers (D:15)
  3 deep elf pyromancers
  2 mana vipers (Snake:1)
  17 ugly things
  6 orc sorcerers
  2 salamanders (Snake:1)
  4 cyclopes
  A manticore (D:11)
  12 elephants
  A black mamba (shapeshifter) (D:14)
  16 black mambas
  2 naga magi (Snake:1)
  A torpor snail (Lair:6)
  2 molten gargoyles (Lair:6)
  Psyche (D:8)
  11 cane toads
  2 gargoyles
  An unseen horror (D:11)
  A freezing wraith (D:14)
  3 rime drakes
  3 kobold demonologists
  13 komodo dragons
  A tengu conjurer (D:12)
  6 trolls
  3 meliai (D:14)
  A meliai (shapeshifter) (D:15)
  4 polar bears
  Grinder (D:4)
  19 slime creatures
  26 blink frogs
  A snapping turtle (Lair:4)
  A wraith (D:11)
  8 wyverns
  A water elemental (D:15)
  21 yaks
  5 basilisks
  4 steam dragons
  10 vampire mosquitoes
  3 wargs
  Menkaure (D:5)
  9 nagas
  2 acid dragons
  12 water moccasins
  4 hell hounds (Lair:6)
  26 orc warriors
  An ice beast (shapeshifter) (D:14)
  2 ice beasts
  2 black bears
  2 sky beasts
  6 ogres
  12 centaurs
  20 wolves
  A phantom (D:4)
  6 kobold brigands
  12 bullfrogs
  6 necrophages
  A scorpion (D:6)
  7 wights
  9 killer bees
  3 howler monkeys
  An electric eel (Lair:4)
  5 lava snakes (Lair:6)
  A jelly (D:6)
  5 hounds
  11 orc priests
  15 orc wizards
  5 hell rats (Lair:3)
  8 iguanas
  8 gnolls
  11 adders
  A shadow imp (D:8)
  14 white imps
  2 ufetubi
  A worm (D:2)
  4 dart slugs
  68 orcs
  5 endoplasms
  5 giant cockroaches
  6 goblins
  5 hobgoblins
  A quokka (D:1)
  4 ball pythons
  9 bats
  2 frilled lizards
  30 kobolds
  5 rats
658 creatures vanquished.

Vanquished Creatures (collateral kills)
  A stone giant (D:15)
  A tengu warrior (D:15)
  A shock serpent (Snake:1)
  An orc sorcerer (D:15)
  A salamander (Snake:1)
  An orc wizard (Orc:2)
6 creatures vanquished.

Vanquished Creatures (others)
  45 fungi
  86 plants
131 creatures vanquished.

Grand Total: 795 creatures vanquished

Notes
Turn   | Place    | Note
-------+----------+-------------------------------------------
     0 | D:1      | dolemite99 the Barachi Hunter began the quest for the Orb.
     0 | D:1      | Reached XP level 1. HP: 17/17 MP: 1/1
    72 | D:1      | Reached XP level 2. HP: 23/23 MP: 2/2
   749 | D:1      | Reached XP level 3. HP: 28/28 MP: 3/3
   930 | D:2      | Found Neseamis's Armour Emporium.
   953 | D:2      | Reached skill level 5 in Crossbows
  1222 | D:2      | Reached XP level 4. HP: 19/34 MP: 4/4
  1411 | D:2      | Found a faded altar of an unknown god.
  1413 | D:2      | Prayed at the altar of an unknown god.
  1413 | D:2      | Became a worshipper of the Wu Jian Council
  1413 | D:2      | Reached * piety under Wu Jian
  1681 | D:2      | Found Fiehufits's Antique Weapon Shoppe.
  1800 | D:3      | Identified the +4 chain mail of Soft Rains {Dex+3}
  1981 | D:3      | Reached skill level 1 in Short Blades
  2044 | D:3      | Reached XP level 5. HP: 22/39 MP: 5/5
  2464 | D:3      | Found a glowing silver altar of Zin.
  2529 | D:3      | Found an opulent altar of Gozag.
  2882 | D:4      | Reached XP level 6. HP: 46/46 MP: 6/6
  2895 | D:4      | Reached ** piety under Wu Jian
  3159 | D:4      | Found a runed translucent door.
  3164 | D:4      | Noticed Starlo's ghost (amateur DsNe)
  3188 | D:4      | Noticed Grinder
  3199 | D:4      | Killed Grinder
  3200 | D:4      | Reached XP level 7. HP: 45/51 MP: 7/7
  3487 | D:4      | Identified the +0 leather armour of Makhleb's Hope {rPois
                  | rF+ Str+2}
  3614 | D:4      | Reached skill level 5 in Short Blades
  3666 | D:4      | Found a runed translucent door.
  4063 | D:4      | Reached XP level 8. HP: 57/57 MP: 8/8
  4542 | D:5      | Entered Level 5 of the Dungeon
  4922 | D:5      | Noticed Menkaure
  4926 | D:5      | Killed Menkaure
  5470 | D:5      | Found Acocelov's Antique Weapon Emporium.
  5865 | D:6      | Reached *** piety under Wu Jian
  6021 | D:6      | Found a staircase to the Ecumenical Temple.
  6266 | D:6      | Reached XP level 9. HP: 62/62 MP: 9/9
  6431 | D:7      | Found a flagged portal.
  6780 | D:7      | Reached skill level 10 in Crossbows
  7012 | D:7      | Reached skill level 1 in Long Blades
  7132 | D:8      | Reached **** piety under Wu Jian
  7151 | D:8      | Reached skill level 2 in Long Blades
  7393 | D:8      | Found a bloodstained altar of Trog.
  7393 | D:8      | Found a shadowy altar of Dithmenos.
  7513 | D:8      | Reached skill level 3 in Long Blades
  7628 | D:8      | Found a staircase to the Lair.
  7628 | D:8      | Noticed an elephant
  7628 | D:8      | Noticed a death yak
  7635 | D:8      | Reached XP level 10. HP: 72/72 MP: 10/10
  7734 | D:8      | Killed a death yak
  7735 | D:8      | Reached skill level 5 in Fighting
  7735 | D:8      | Reached skill level 4 in Long Blades
  7741 | D:8      | Noticed Psyche
  7951 | D:8      | Killed Psyche
  7952 | D:8      | Reached skill level 5 in Dodging
  8085 | D:8      | Reached skill level 5 in Long Blades
  8187 | D:9      | Noticed a kobold demonologist
  8187 | D:9      | Noticed a kobold demonologist
  8396 | D:9      | Noticed an orange demon
  8545 | D:9      | Noticed a rust devil
  8580 | D:9      | Noticed a rust devil
  8664 | D:8      | Killed a kobold demonologist
  8778 | D:8      | Killed a kobold demonologist
  9180 | D:9      | Reached skill level 6 in Long Blades
  9734 | D:10     | Entered Level 10 of the Dungeon
  9783 | Lair:1   | Entered Level 1 of the Lair of Beasts
  9814 | Lair:1   | Reached skill level 1 in Evocations
  9821 | Lair:2   | Noticed an elephant
  9821 | Lair:2   | Noticed an elephant
  9821 | Lair:2   | Noticed an elephant
  9821 | Lair:2   | Noticed an elephant
  9849 | Lair:1   | Killed an elephant
  9893 | Lair:2   | Noticed a black mamba
  9906 | Lair:1   | Reached XP level 11. HP: 38/83 MP: 11/11
  9910 | Lair:1   | Reached skill level 5 in Evocations
 10129 | Lair:1   | Got the Incunabulum of Combat Magic
 10173 | Lair:1   | Found a runed translucent gate.
 10173 | Lair:1   | Found a runed translucent gate.
 10173 | Lair:1   | Found a runed translucent gate.
 10176 | Lair:1   | Noticed Rozof's ghost (journeyman GnCA)
 10176 | Lair:1   | Noticed a nine-headed hydra
 10180 | Lair:1   | Noticed a ten-headed hydra
 11083 | Lair:2   | Reached ***** piety under Wu Jian
 11163 | Lair:2   | Reached skill level 10 in Evocations
 11762 | Lair:2   | Reached XP level 12. HP: 89/89 MP: 12/12
 12586 | Lair:3   | Reached skill level 7 in Long Blades
 13209 | Lair:3   | Reached skill level 8 in Long Blades
 13620 | Lair:3   | Found a staircase to the Snake Pit.
 14007 | Lair:4   | Noticed a six-headed hydra
 14014 | Lair:4   | Killed a six-headed hydra
 14015 | Lair:4   | Reached skill level 9 in Long Blades
 14174 | Lair:4   | Noticed a six-headed hydra
 14425 | Lair:4   | Gained mutation: You can hop long distances. [Barachi
                  | growth]
 14425 | Lair:4   | Reached XP level 13. HP: 57/103 MP: 13/13
 14440 | Lair:4   | Reached skill level 10 in Fighting
 14852 | Lair:4   | Reached skill level 10 in Long Blades
 14873 | Lair:4   | Found a staircase to the Shoals.
 15449 | Lair:5   | Reached skill level 10 in Dodging
 15665 | Lair:5   | Found a runed translucent door.
 15668 | Lair:5   | Found a viscous altar of Jiyva.
 15672 | Lair:5   | Found a staircase to the Slime Pits.
 15955 | Lair:6   | Entered Level 6 of the Lair of Beasts
 16068 | Lair:6   | Reached skill level 11 in Long Blades
 16134 | Lair:6   | Noticed Snorg
 16178 | Lair:6   | Identified the +3 flail of Ascent {antimagic, Int+4 Stlth+}
 16243 | Lair:6   | Killed Snorg
 16392 | Lair:6   | Reached skill level 12 in Long Blades
 16574 | Lair:6   | Reached XP level 14. HP: 115/115 MP: 14/14
 16925 | Lair:6   | Found a large runed translucent door.
 16925 | Lair:6   | Found a large runed translucent door.
 18355 | D:10     | Noticed Urug
 18377 | D:10     | Killed Urug
 20050 | D:11     | Reached skill level 13 in Long Blades
 20399 | D:12     | Found a staircase to the Orcish Mines.
 20736 | D:12     | Noticed Nergalle
 20756 | D:12     | Killed Nergalle
 20991 | D:12     | Reached skill level 14 in Long Blades
 21060 | D:12     | Identified the +2 chain mail of Dice, Bag, and Bottle {Harm
                  | Will+ Int+4}
 21115 | D:12     | Noticed Gastronok
 21130 | D:12     | Killed Gastronok
 21204 | D:12     | Reached skill level 1 in Stealth
 21930 | Orc:1    | Entered Level 1 of the Orcish Mines
 22279 | Orc:1    | Reached XP level 15. HP: 119/125 MP: 15/15
 22404 | Orc:2    | Entered Level 2 of the Orcish Mines
 22443 | Orc:2    | Found Pelijon's General Store.
 22540 | Orc:2    | Reached skill level 5 in Stealth
 23108 | Orc:2    | Found a runed translucent door.
 23113 | Orc:2    | Found a staircase to the Elven Halls.
 23346 | Orc:2    | Found Fumet's Antique Weapon Shoppe.
 23346 | Orc:2    | Found Duil's Antique Weapon Shoppe.
 23349 | Orc:2    | Found Ydoru's Book Shop.
 23349 | Orc:2    | Found Wisiquc's Weapon Shop.
 23456 | Orc:2    | Found a runed translucent gate.
 23456 | Orc:2    | Found a runed translucent gate.
 23456 | Orc:2    | Noticed a11behringer's ghost (journeyman PaBe)
 23457 | Orc:2    | Found a runed translucent gate.
 23457 | Orc:2    | Identified the +4 ring mail of Circular Logic {rPois rCorr
                  | Str-2 Slay+5}
 23632 | Orc:2    | Found the +10 tower shield of Ignorance {rN+ Int-4}
 23638 | Orc:2    | Found a runed translucent door.
 23755 | Orc:2    | Bought a scroll of fear for 56 gold pieces
 24556 | Orc:2    | Learned a level 2 spell: Blink
 24560 | Orc:2    | Learned a level 3 spell: Tukima's Dance
 24565 | Orc:2    | Learned a level 4 spell: Summon Ice Beast
 24571 | Orc:2    | Learned a level 5 spell: Summon Mana Viper
 24581 | Orc:2    | Bought an iridescent quick blade for 540 gold pieces
 24581 | Orc:2    | Identified the +5 quick blade of Red Wine {spect, rElec rF+
                  | rC+} (You bought it in a shop on level 2 of the Orcish
                  | Mines)
 25341 | D:13     | Reached skill level 1 in Spellcasting
 26018 | D:14     | Reached skill level 1 in Summonings
 26477 | D:14     | Learned a level 5 spell: Summon Forest
 26615 | D:14     | Reached skill level 5 in Summonings
 26858 | D:14     | Found a gate to the Vaults.
 27127 | D:15     | Entered Level 15 of the Dungeon
 27546 | D:15     | Identified a scroll of acquirement
 27559 | D:15     | Acquired a +0 buckler of resistance
 27953 | D:15     | Reached XP level 16. HP: 128/132 MP: 20/20
 27957 | D:15     | Reached skill level 1 in Ice Magic
 28112 | D:15     | Found Hitil's Armour Shoppe.
 28181 | D:15     | Found a shimmering altar of Xom.
 28181 | D:15     | Found a shimmering altar of Xom.
 28181 | D:15     | Found a shimmering altar of Xom.
 28181 | D:15     | Found a shimmering altar of Xom.
 28181 | D:15     | Found a shimmering altar of Xom.
 28182 | D:15     | Found a shimmering altar of Xom.
 28299 | D:15     | Reached skill level 5 in Ice Magic
 28434 | D:15     | Found a staircase to the Depths.
 29544 | Snake:1  | Entered Level 1 of the Snake Pit
 29579 | Snake:1  | Reached skill level 1 in Shields
 30887 | Snake:1  | Found a runed translucent gate.
 30976 | Snake:1  | HP: 1/132 [naga warrior/+2 dire flail of protection (16)]
 30976 | Snake:1  | Constricted to death by a naga warrior

Illustrated notes

Levels and vault maps discovered:
D:1:      wander_arrival_desolate, layout_loops_corners,
          chequers_serial_rivers_marsh, solitary_fountain
D:2:      layout_basic, chequers_ecumenical_altar_simple_redux, serial_shops,
          nicolae_shop_overgrown_old_shop, nicolae_square_shop,
          serial_park_tiny_2, minmay_pentomino_v4
D:3:      layout_rooms, zin_scriptorium, mainiacjoe_overflow_paths, st_stairs_10
D:4:      layout_layer_cave, ebering_ghost_sewer_f, chequers_jeans,
          minmay_misc_feat_rugged, uniq_grinder
D:5:      layout_basic, serial_shops, nicolae_square_shop, cheibrodos_gnoll_hut,
          uniq_menkaure
D:6:      layout_basic, minmay_temple_entry_slanted, dreamdust_princess_bridge
D:7:      layout_cave_pools, enter_bailey_2
D:8:      layout_cave_pools, gammafunk_temple_overflow_wave, david_lair_generic,
          uniq_psyche
D:9:      layout_basic, kennysheep_donut
D:10:     layout_long_grid, uniq_urug
D:11:     layout_small_grid
D:12:     minmay_cut_squares, layout_rooms, hangedman_abyss_or_decor_stagger,
          uniq_nergalle, uniq_gastronok
D:13:     layout_loops_ring
D:14:     layout_basic, david_vaults_5
D:15:     hangedman_depths_entry_civil_slaughter, layout_long_grid,
          serial_bayou_lagoon_a, serial_shops, nicolae_shop_behind_doors,
          minmay_misc_feat_square, xom_shifter_show
Lair:1:   layout_roguey, gammafunk_ghost_hydra_chop,
          chequers_serial_rivers_small_a, minmay_stone_trees_small,
          nicolae_quartered_pool_impasse
Lair:2:   layout_long_grid, grunt_megastairs_5
Lair:3:   layout_loops_ring, guppyfry_snake_entry_garden, guppyfry_lair_drakes
Lair:4:   layout_roguey, minmay_shoals_entry_hut, portal_ice_cave_entry_imps,
          infiniplex_staircase_pool_2
Lair:5:   layout_gridlike, slime_altar_2
Lair:6:   cheibrodos_lair_end_hotspot, layout_long_grid, uniq_snorg
Snake:1:  layout_misc_corridors, special_room, basic_altar,
          ebering_ghost_rock_garden
Orc:1:    layout_caves, mines2_david
Orc:2:    st_orc_elflike, layout_diamond_mine, biasface_ghost_orc_armoury,
          serial_shops, shop, chequers_guarded_unrand_ignorance

Skill      XL: |  1  2  3  4  5  6  7  8  9 10 11 12 13 14 15 16 |
---------------+-------------------------------------------------+-----
Crossbows      | 5 6 7 9 10 | 10.3
Short Blades   | 1 2 4 5 7 9 |  9.3
Long Blades    | 3 6 9 12 14 | 14.8
Fighting       | 4 6 9 12 13 | 13.8
Dodging        | 3 6 9 11 12 | 12.7
Evocations     | 4 11 | 11.5
Stealth        | 4 8 |  8.4
Spellcasting   | 3 |  3.0
Summonings     | 9 |  9.5
Ice Magic      | 7 |  7.4
Shields        | 4 |  4.0

Action                   |  1- 3 |  4- 6 |  7- 9 | 10-12 | 13-15 | 16-18 || total
-------------------------+-------+-------+-------+-------+-------+-------++-------
Melee: Short sword       |       |       |     7 |       |       |       ||     7
       Dagger            |       |       |    80 |   222 |       |       ||   302
       Punch             |       |       |     1 |     7 |       |       ||     8
       Scimitar          |       |       |       |    73 |   571 |   162 ||   806
       Hand crossbow     |       |       |       |       |     5 |       ||     5
       Quick blade       |       |       |       |       |    30 |       ||    30
 Fire: Hand crossbow     |    85 |   140 |   231 |   396 |   999 |   122 ||  1973
 Cast: Summon Ice Beast  |       |       |       |       |       |    10 ||    10
Invok: Whirlwind         |       |       |    11 |    23 |    33 |     6 ||    73
       Heavenly Storm    |       |       |       |     1 |     5 |       ||     6
       Lunge             |       |       |       |       |    11 |     7 ||    18
 Abil: Wall Jump         |       |       |     6 |     7 |     6 |     2 ||    21
       Hop               |       |       |     1 |     6 |     4 |     1 ||    12
Evoke: Wand              |       |       |     3 |    35 |    18 |     3 ||    59
       Condenser vane    |       |       |       |     2 |     8 |     1 ||    11
       Tin of tremorston |       |       |       |     2 |     8 |     1 ||    11
  Use: Scroll            |     4 |     3 |    14 |    13 |    15 |     3 ||    52
       Potion            |       |     1 |       |     3 |     8 |     3 ||    15
 Stab: Paralysed         |       |       |       |     2 |    10 |       ||    12
       Invisible         |       |       |       |       |    12 |       ||    12
       Distracted        |       |       |       |       |     2 |       ||     2
Armor: Ring mail         |    19 |    26 |     2 |       |       |       ||    47
       Leather armour    |       |       |    39 |   102 |    46 |    11 ||   198
       Troll leather arm |       |       |       |       |   263 |       ||   263
       Scale mail        |       |       |       |       |    37 |    29 ||    66
Dodge: Dodged            |    15 |    24 |   100 |   410 |  1245 |   143 ||  1937
Block: Buckler           |       |       |       |    26 |   306 |    51 ||   383

Table legend: (Time is in decaauts)
 A = Elapsed time spent in this place.
 B = Non-inter-level travel time spent in this place.
 C = Inter-level travel time spent in this place.
 D = Time resting spent in this place.
 E = Time spent auto-exploring this place.
 F = Levels seen in this place.
 G = Mean time per level.
                   A        B        C        D        E       F      G
               +--------+--------+--------+--------+--------+-----+--------+
         Total |  33760 |  32201 |   1559 |  11145 |  14203 |  24 | 1406.7 |
       Dungeon |  19370 |  18591 |    779 |   5759 |   8807 |  15 | 1291.3 |
          Lair |   9222 |   8707 |    515 |   2848 |   4118 |   6 | 1537.0 |
     Snake Pit |   1290 |   1290 |      0 |    674 |    296 |   1 | 1290.0 |
  Orcish Mines |   3876 |   3612 |    264 |   1863 |    981 |   2 | 1938.0 |
               +--------+--------+--------+--------+--------+-----+--------+

Top non-repeatable levels by time:
   Orc:2: 3061 daAuts
  Lair:6: 2144 daAuts
  Lair:3: 2082 daAuts
     D:4: 2077 daAuts
     D:8: 2025 daAuts
  Lair:2: 1745 daAuts
    D:11: 1729 daAuts
    D:12: 1510 daAuts
    D:15: 1501 daAuts
    D:13: 1479 daAuts
    D:14: 1457 daAuts
     D:5: 1370 daAuts
 Snake:1: 1290 daAuts
  Lair:1: 1257 daAuts
     D:3: 1104 daAuts
